 Dungeon Crawl Stone Soup version 0.29.1-12-g30fa7ad0bf (webtiles) character file.

Game seed: 13672654989228113539

2535 KittyFluff the Fighter (level 9, -12/88 HPs)
             Began as a Gargoyle Berserker on Dec 22, 2022.
             Was a High Priest of Trog.
             Mangled by an orc warrior
             ... wielding a +0 battleaxe
              (14 damage)
             ... on level 6 of the Dungeon.
             The game lasted 00:36:05 (6286 turns).

KittyFluff the Fighter (Gargoyle Berserker)         Turns: 6286, Time: 00:36:06

Health: -12/88     AC: 11    Str: 21    XL:     9   Next: 55%
Magic:  9/9        EV: 13    Int:  8    God:    Trog [*****.]
Gold:   374        SH:  0    Dex: 13    Spells: 8/8 levels left

rFire   . . .      SeeInvis .   a - +0 flail (holy)
rCold   . . .      Faith    .   (no shield)
rNeg    + . .      Spirit   .   n - +0 leather armour
rPois   ∞          Reflect  .   s - +0 helmet
rElec   +          Harm     .   (no cloak)
rCorr   .          Rampage  .   (no gloves)
Will    .....                   (no boots)
Stlth   ..........              m - amulet of regeneration
HPRegen 1.04/turn               (no ring)
MPRegen 0.11/turn               (no ring)

@: berserking (expiring), very quick
A: sickness immunity, AC +6, negative energy resistance 1, electricity
resistance, torment resistance 1, petrification resistance
a: Renounce Religion, Berserk, Trog's Hand, Brothers in Arms


You were on level 6 of the Dungeon.
You worshipped Trog.
Trog was extremely pleased with you.
You visited 1 branch of the dungeon, and saw 7 of its levels.
You also visited: Sewer.

You collected 374 gold pieces.

Inventory:

Hand Weapons
 a - a +0 flail of holy wrath (weapon)
 p - a +1 whip of electrocution
 v - a +3 dire flail of protection
 A - a +0 sling
 C - a +0 mace
 J - a +0 arbalest
Missiles
 d - 37 stones (quivered)
 g - 6 poisoned darts
 x - 2 boomerangs
Armour
 j - a +1 hat
 n - a +0 leather armour (worn)
 s - a +0 helmet (worn)
 z - a +2 tower shield
 B - a +0 kite shield
Jewellery
 f - a ring of ice
 m - an amulet of regeneration (around neck)
 u - a ring of fire
Wands
 c - a wand of polymorph (2)
 y - a wand of quicksilver (14)
Scrolls
 b - 2 scrolls of vulnerability {unknown}
 e - 2 scrolls of amnesia {unknown}
 h - 2 scrolls of poison
 i - a scroll of fear
 q - 2 scrolls of magic mapping {unknown}
 r - 2 scrolls of teleportation
 w - a scroll of immolation
 D - a scroll of identify
 F - a scroll of blinking
 H - a scroll of fog {unknown}
Potions
 k - 2 potions of flight
 l - a potion of ambrosia
 o - a potion of might
 t - a potion of curing
 E - a potion of magic {unknown}
 G - a potion of heal wounds {unknown}
 I - a potion of mutation {unknown}


   Skills:
 * Level 8.2 Fighting
 + Level 7.1 Maces & Flails
 * Level 2.7 Ranged Weapons
 + Level 0.3 Throwing
 * Level 6.1 Armour
 + Level 4.1 Dodging
 + Level 1.4 Stealth
 * Level 2.9 Shields


You had 8 spell levels left.
You didn't know any spells.
Your spell library was empty.

Dungeon Overview and Level Annotations

Branches:
Dungeon (7/15)             Temple (0/1) D:5           Sewer (visited)

Altars:
Ashenzari
Cheibriados
Gozag
Qazlal
Ru
Zin

Shops:
D:5 (


Innate Abilities, Weirdness & Mutations

You are immune to sickness and miasma.
Your stone body is resilient. (AC +6)
You are immune to poison.
You resist negative energy. (rN+)
You are resistant to electric shocks. (rElec)
You are resistant to unholy torment.
You are immune to petrification.


Message History

* * * LOW HITPOINT WARNING * * *
You hit the ice beast.
The ice beast is moderately wounded.
You closely miss the ice beast. Your punch misses the ice beast.
The ice beast is moderately wounded.
The orc warrior hits you with a +0 battleaxe!
* * * LOW HITPOINT WARNING * * *
The orc completely misses you. The ice beast misses you.
You thump the ice beast!
The ice beast is almost dead.
The orc warrior hits you with a +0 battleaxe.
* * * LOW HITPOINT WARNING * * *
The orc misses you. The ice beast misses you.
You hit the ice beast but do no damage.
The ice beast is almost dead.
You hit the ice beast.
The ice beast is almost dead.
The orc warrior hits you but does no damage.
The orc hits you but does no damage. The ice beast closely misses you.
You barely miss the ice beast.
The ice beast is almost dead.
The orc warrior hits you but does no damage.
The orc hits you but does no damage. The ice beast closely misses you.
You barely miss the ice beast.
The ice beast is almost dead.
The orc warrior hits you with a +0 battleaxe.
* * * LOW HITPOINT WARNING * * *
The orc misses you. The ice beast misses you.
You hit the ice beast.
You kill the ice beast!
Trog accepts your kill.
You hit the orc warrior.
The orc warrior is lightly wounded.
The orc warrior hits you with a +0 battleaxe.
* * * LOW HITPOINT WARNING * * *
The orc hits you but does no damage.
You hit the orc warrior.
The orc warrior is moderately wounded.
The orc warrior hits you with a +0 battleaxe!
You die...

##..# #.##....#####
#.# #..#
#.##.##...).###.####
#..##
#..#.######........##
#...# ##.#.####
###.......## ###.#
#......# #.........#
## #.######......#
#...÷.....# .#
#......#......#
#.........# .#
#......##..o..#
#.........# .#
#......##...@o#
#.........# .#
#......########
##.......### .#
#......# #..........÷
## #<.....#
#..........÷ ########
#..........~
#.........~~
#.........~~
##.......###
##.....##


You could see an orc warrior and an orc.

Vanquished Creatures
  Sigmund (D:2)
  Eustachio (D:4)
  Menkaure (D:5)
  Edmund (D:6)
  2 ice beasts (D:6)
  A water moccasin (D:5)
  An orc warrior (D:6)
  An ogre (D:5)
  A phantom (D:5)
  4 bullfrogs
  A gnoll sergeant (D:5)
  3 scorpions (D:5)
  A howler monkey (D:6)
  4 hounds
  A gnoll bouda (D:6)
  4 orc priests
  4 iguanas
  6 orc wizards
  Natasha (D:1)
  A mummy (D:5)
  Robin (D:2)
  6 gnolls
  15 adders
  3 river rats (D:6)
  2 white imps
  2 worms
  3 dart slugs
  19 orcs
  6 ball pythons
  10 endoplasms
  10 giant cockroaches
  16 goblins
  12 hobgoblins
  5 jackals
  10 kobolds
  7 quokkas
  4 bats
  15 frilled lizards
  10 rats
196 creatures vanquished.

Vanquished Creatures (others)
  An orc priest (D:5)
  An orc (D:5)
2 creatures vanquished.

Grand Total: 198 creatures vanquished

Notes
Turn   | Place    | Note
-------+----------+-------------------------------------------
     0 | D:1      | KittyFluff the Gargoyle Berserker began the quest for the
                  | Orb.
     0 | D:1      | Reached XP level 1. HP: 14/14 MP: 1/1
   216 | D:1      | Found a faded altar of an unknown god.
   234 | D:1      | Reached XP level 2. HP: 11/19 MP: 2/2
   994 | D:1      | Reached skill level 4 in Fighting
  1006 | D:1      | Reached XP level 3. HP: 9/24 MP: 3/3
  1504 | D:2      | Noticed Natasha
  1520 | D:1      | Killed Natasha
  1530 | D:1      | Reached XP level 4. HP: 30/30 MP: 4/4
  1649 | D:2      | Reached ** piety under Trog
  1823 | D:2      | Noticed Sigmund
  2001 | D:2      | Noticed Robin
  2049 | D:1      | Reached XP level 5. HP: 17/34 MP: 5/5
  2097 | D:2      | Killed Robin
  2172 | D:2      | Killed Sigmund
  2173 | D:2      | Reached skill level 5 in Fighting
  2173 | D:2      | Reached XP level 6. HP: 36/40 MP: 6/6
  2699 | D:3      | Reached *** piety under Trog
  3113 | D:4      | Noticed Eustachio
  3241 | D:4      | Killed Eustachio
  3242 | D:4      | Reached XP level 7. HP: 44/44 MP: 7/7
  3604 | D:4      | Reached skill level 5 in Maces & Flails
  3868 | D:4      | Reached **** piety under Trog
  3869 | D:4      | Reached skill level 6 in Fighting
  4051 | D:5      | Entered Level 5 of the Dungeon
  4236 | D:5      | Found a sacrificial altar of Ru.
  4284 | D:5      | Noticed Menkaure
  4296 | D:5      | Killed Menkaure
  4297 | D:5      | Reached skill level 1 in Stealth
  4297 | D:5      | Reached XP level 8. HP: 30/52 MP: 8/8
  4298 | D:5      | Reached skill level 1 in Shields
  4327 | D:5      | Found a glowing silver altar of Zin.
  4364 | D:5      | Found a staircase to the Ecumenical Temple.
  4463 | D:5      | Found a stormy altar of Qazlal.
  4554 | D:5      | Reached skill level 5 in Armour
  4607 | D:5      | Found a snail-covered altar of Cheibriados.
  4707 | D:5      | Reached skill level 7 in Fighting
  4888 | D:5      | Found an opulent altar of Gozag.
  4905 | D:5      | Found Pyicecw's Weapon Boutique.
  5197 | D:6      | Reached XP level 9. HP: 48/57 MP: 9/9
  5255 | D:6      | Found a broken altar of Ashenzari.
  5354 | D:6      | Noticed Edmund
  5367 | D:6      | Killed Edmund
  5381 | D:6      | Reached skill level 1 in Ranged Weapons
  5520 | D:6      | Found a glowing drain.
  5538 | Sewer    | Entered a sewer
  5721 | Sewer    | Reached ***** piety under Trog
  5936 | Sewer    | Reached skill level 8 in Fighting
  6279 | D:6      | HP: 4/88 [orc warrior/+0 battleaxe (2)]
  6285 | D:6      | HP: 1/88 [orc warrior/+0 battleaxe (3)]
  6286 | D:6      | Mangled by an orc warrior

Illustrated notes

Levels and vault maps discovered:
D:1:      matt_arrival_spirals, layout_basic,
          hellmonk_ecumenical_altar_heavens_door, minmay_surrounded
D:2:      layout_rooms, kennysheep_nondescript, serial_bayou_pond_d,
          uniq_sigmund, uniq_robin, uniq_natasha
D:3:      layout_loops_ring, minmay_bisected
D:4:      layout_loops_ring, hangedman_abyss_or_decor_stabs, uniq_eustachio
D:5:      layout_cave_pools, chei_slow_surprise, lemuel_coloured_pillars_altar,
          overflow_temple_1_default, grunt_qazlal_clouds,
          grunt_gozag_breadcrumbs, minmay_temple_entry_purple_smoke,
          serial_shops, shop_statue, serial_rivers,
          chequers_serial_rivers_micro_e, chequers_serial_rivers_small_a,
          chequers_serial_rivers_room_a, chequers_serial_rivers_room_a,
          chequers_serial_rivers_large_b, minmay_stone_trees_medium,
          uniq_menkaure
D:6:      layout_rooms, evilmike_ruin_ashenzari, portal_sewer_entry_b,
          uniq_edmund
D:7:      layout_loops_ring, nicolae_hepliaklqana_ecumenical_no_more,
          nicolae_elyvilon_peaceful_grove, old_standard_altar,
          mainiacjoe_overflow_tiny_flanked, minmay_fire_ice_demons

Skill      XL: |  1  2  3  4  5  6  7  8  9 |
---------------+----------------------------+-----
Fighting       | 4 5 6 7 8 |  8.2
Dodging        | 2 3 4 |  4.1
Armour         | 3 4 5 6 |  6.1
Maces & Flails | 4 5 6 7 |  7.1
Stealth        | 1 |  1.4
Shields        | 2 |  2.9
Ranged Weapons | 2 |  2.7
Throwing       | |  0.3

Action                   |  1- 3 |  4- 6 |  7- 9 || total
-------------------------+-------+-------+-------++-------
Melee: Mace              |    90 |     8 |    10 ||   108
       Whip              |       |   232 |   161 ||   393
       Unarmed           |       |     2 |       ||     2
       Punch             |       |     1 |     4 ||     5
       Flail             |       |       |   272 ||   272
 Fire: Sling             |       |       |    45 ||    45
Throw: Stone             |       |     6 |    13 ||    19
       Dart              |       |     1 |       ||     1
Invok: Berserk           |       |       |     5 ||     5
  Use: Potion            |       |     5 |       ||     5
       Scroll            |       |     4 |     3 ||     7
 Stab: Sleeping          |     1 |     1 |       ||     2
Armor: Animal skin       |    39 |    29 |       ||    68
       Skin              |       |     1 |       ||     1
       Leather armour    |       |    53 |   162 ||   215
Dodge: Dodged            |    77 |   143 |   250 ||   470
